 Seeded DCSS version 0.24.1-14-gf8d2b509d9 (webtiles) character file.

Game seed: 12398309004814789253, levelgen mode: deterministic

683257 sahdkjhfkaj the Hoplite (level 27, -10/261 HPs)
             Began as a Minotaur Berserker on Oct 9, 2020.
             Was the Champion of Trog.
             Mangled by an Ice Fiend (21 damage)
             ... summoned by an ancient lich
             ... on level 5 of the Realm of Zot.
             The game lasted 01:58:00 (63243 turns).

sahdkjhfkaj the Hoplite (Minotaur Berserker)       Turns: 63243, Time: 01:58:01

Health: -10/261    AC: 35    Str: 38    XL:     27
Magic:  10/11      EV: 27    Int:  9    God:    Trog [******]
Gold:   4124       SH: 33    Dex: 18    Spells: 26/26 levels left

rFire    + . .     SeeInvis +   T - +9 broad axe (antimagic)
rCold    . . .     Gourm    .   q - +4 large shield "Xouxior" {Int+4}
rNeg     . . .     Faith    .   h - +6 chain mail of the Kettle-Drum {rPois Dex+7 Stlth-}
rPois    +         Spirit   .   (helmet unavailable)
rElec    .         Reflect  .   z - +2 cloak of the Thief {+Fog Slay-2 SInv Stlth+}
rCorr    +         Harm     .   k - +3 pair of gauntlets of War {Slay+5}
MR       +++..                  w - +0 pair of boots of the Imp {+Blink rF+ rCorr Str-4}
Stlth    ..........             I - amulet "Mepsyrru" {+Rage MR+ Slay+5}
HPRegen  0.53/turn              N - +5 ring of strength
MPRegen  0.12/turn              Z - ring "Nyriap" {rPois AC+6 Str+4 Slay+2 Stlth-}

@: no status effects
A: retaliatory headbutt, beak, horns 3, deformed body, poison resistance
}: 4/15 runes: decaying, serpentine, slimy, silver
a: Berserk, Trog's Hand, Brothers in Arms, Renounce Religion, Evoke Blink, Evoke
Fog, Evoke Berserk Rage


You were on level 5 of the Realm of Zot.
You worshipped Trog.
Trog was exalted by your worship.
You were not hungry.

You visited 11 branches of the dungeon, and saw 55 of its levels.
You also visited: Bailey and Gauntlet.

You collected 7081 gold pieces.
You spent 2957 gold pieces at shops.

Inventory:

Hand Weapons
 T - a +9 antimagic broad axe (weapon)
Missiles
 M - 25 silver javelins (quivered)
Armour
 h - the +6 chain mail of the Kettle-Drum (worn) {rPois Dex+7 Stlth-}
   (You took it off a deep elf high priest on level 5 of the Vaults)

   It affects your dexterity (+7).
   It protects you from poison.
   It makes you less stealthy.
 k - the +3 pair of gauntlets of War (worn) {Slay+5}
   (You found it on level 3 of the Elven Halls)

   It affects your accuracy and damage with ranged weapons and melee attacks
   (+5).
 q - the +4 large shield "Xouxior" (worn) {Int+4}
   (You acquired it on level 1 of the Snake Pit)

   It affects your intelligence (+4).
 w - the +0 pair of boots of the Imp (worn) {+Blink rF+ rCorr Str-4}
   (You found it on level 2 of the Vaults)

   It affects your strength (-4).
   It protects you from fire.
   It lets you blink.
   It provides partial protection from all sources of acid and corrosion.
 z - the +2 cloak of the Thief (worn) {+Fog Slay-2 SInv Stlth+}
   (You found it on level 3 of the Elven Halls)

   It affects your accuracy and damage with ranged weapons and melee attacks
   (-2).
   It lets you see invisible.
   It makes you more stealthy.
Jewellery
 I - the amulet "Mepsyrru" (around neck) {+Rage MR+ Slay+5}
   (You took it off a deep elf sorcerer on level 3 of the Elven Halls)

   [amulet of rage]

   It affects your accuracy and damage with ranged weapons and melee attacks
   (+5).
   It affects your resistance to hostile enchantments.
   It lets you go berserk.
 N - a +5 ring of strength (left hand)
 Z - the ring "Nyriap" (right hand) {rPois AC+6 Str+4 Slay+2 Stlth-}
   (You bought it in a shop on level 5 of the Depths)

   [ring of protection]

   It affects your AC (+6).
   It affects your strength (+4).
   It affects your accuracy and damage with ranged weapons and melee attacks
   (+2).
   It protects you from poison.
   It makes you less stealthy.
Wands
 c - a wand of polymorph (16)
 v - a wand of digging (10)
 y - a wand of iceblast (56)
 D - a wand of scattershot (3)
 G - a wand of paralysis (43)
 L - a wand of acid (49)
 V - a wand of flame (15)
 W - a wand of clouds (6)
Scrolls
 d - 2 scrolls of brand weapon
 i - 12 scrolls of teleportation
 m - 11 scrolls of enchant weapon
 o - 3 scrolls of fear
 p - 11 scrolls of immolation
 s - 24 scrolls of remove curse
 E - 4 scrolls of fog
 J - a scroll of summoning
 K - 4 scrolls of torment
 P - 6 scrolls of enchant armour
 Q - 9 scrolls of blinking
 U - 22 scrolls of identify
 X - 3 scrolls of silence
 Y - 4 scrolls of magic mapping
Potions
 b - 4 potions of resistance
 f - 6 potions of lignification
 g - 28 potions of curing
 j - 2 potions of invisibility
 l - a potion of magic
 n - 9 potions of cancellation
 r - 7 potions of berserk rage
 t - 8 potions of haste
 u - 10 potions of might
 A - 8 potions of mutation
 F - 9 potions of agility
 O - 3 potions of heal wounds
 R - 4 potions of brilliance
 S - 7 potions of ambrosia
Miscellaneous
 a - 2 boxes of beasts
 x - 5 sacks of spiders
 B - 2 phantom mirrors
 C - a lightning rod (4/4)
 H - a lamp of fire
Comestibles
 e - 74 rations


   Skills:
 - Level 24.0 Fighting
   Level 8.0 Long Blades
 - Level 25.0 Axes
 - Level 23.9 Armour
 - Level 22.3 Dodging
 - Level 25.0 Shields
 + Level 17.7 Evocations


You had 26 spell levels left.
You didn't know any spells.
Your spell library contained the following spells:

 Spells                   Type           Power        Failure   Level  Hunger
 Haunt                    Necr/Summ      #.........   100%        7    #######
 Borgnjor's Revivificati  Necr           #.........   100%        8    #######
 Death's Door             Chrm/Necr      #.........   100%        8    #######
 Infestation              Necr           #.........   100%        8    #######
 Necromutation            Tmut/Necr      #.........   100%        8    #######


Dungeon Overview and Level Annotations

Branches:
Dungeon (15/15)            Temple (1/1) D:7            Lair (6/6) D:10
  Swamp (4/4) Lair:4        Snake (4/4) Lair:3        Slime (5/5) Lair:6
    Orc (2/2) D:11            Elf (3/3) Orc:2        Vaults (5/5) D:13
  Crypt (0/3) Vaults:3     Depths (5/5) D:15            Zot (5/5) Depths:5
 Bailey (visited)         Gauntlet (visited)

Altars:
Ashenzari
Cheibriados
Dithmenos
Elyvilon
Fedhas
Gozag
Hepliaklqana
Kikubaaqudgha
Makhleb
Nemelex Xobeh
Okawaru
Qazlal
Ru
Sif Muna
Trog
Uskayaw
Vehumet
Wu Jian
Xom
Yredelemnul
Zin
The Shining One
Beogh
Jiyva

Shops:
D:4 *   D:7 *   D:8 !   D:11 }*   D:15 =*?[   Orc:2 *%}(   Elf:3 (
Vaults:1 !**(   Vaults:2 [   Vaults:3 ((   Vaults:5 !!!   Depths:5 }=}(

Portals:
Hell: Depths:1 Depths:2 Depths:3 Depths:4 Depths:5
Abyss: Depths:2 Depths:4
Pandemonium: Orc:2 Depths:3
Ziggurat: Depths:2

Annotations:
D:4 1 runed translucent door, Crazy Yiuf
Lair:5 2 transporters, Kaofid's ghost, journeyman GrEE
Swamp:4 Lernaean hydra
Snake:3 Roxanne
Elf:1 1 runed translucent door, Yakesh's ghost, adept MiFi
Elf:3 3 runed translucent doors, Kyerol's ghost, adept TeSu
Zot:5 2 exclusions


Innate Abilities, Weirdness & Mutations

You reflexively headbutt those who attack you in melee.
You have a pair of large horns on your head.
You have a beak for a mouth.
Armour fits poorly on your strangely shaped body.
Your system is resistant to poisons. (rPois)


Message History

Unknown command.
Unknown command.
Unknown command.
Unknown command.
Unknown command.
Unknown command.
Unknown command.
Unknown command.
You feel much better.
The Killer Klown blinks!
You block the electric golem's attack.
The electric golem hits you but does no damage.
You block the electric golem's attack. The electric golem barely misses you.
The Killer Klown hits you with a +12 club!
* * * LOW HITPOINT WARNING * * *
The Killer Klown blinks!
The ancient lich gestures at you while chanting.
The iron shot misses you. The Ice Fiend claws you.
* * * LOW HITPOINT WARNING * * *
The Ice Fiend freezes you!!
You die...

#.# #.# #....................
#.# #.# ######'##............
######## ################▓▓▓▓▓
.......# ##..............**
......## ##...............,**
...(..# ##................,,**
.....## #....§§§§§........,,,*
.....# #.^.§.§§1§.......^,,,*
.....## #...§§§@L.......^.,,,*
......# #....^8p*.........,,,*
......## #.....§...........,,,*
.......###.......![^.......,,,*
#####...###................,,**
##....##..........§....,**
###...^...............**
#▓▓▓▓▓▓▓▓▓▓▓##^...8▓*
****,,,,,,,,,.....^**


You could see an orb of fire, a Killer Klown, an electric golem, an ancient lich
and an Ice Fiend.

Vanquished Creatures
  the Royal Jelly (Slime:5)
  A juggernaut (Depths:5)
  Mara (Vaults:5)
  3 ancient liches
  The ghost of Netemen the Gnoll Aeon, a master GnFi of Cheibriados (Zot:1)
  A Killer Klown (Zot:1)
  Vashnia (Snake:3)
  6 curse toes
  14 golden dragons
  Nikola (Depths:2)
  4 liches
  3 electric golems
  Jorgrun (Snake:3)
  10 Orb Guardians (Zot:5)
  20 tentacled monstrosities
  4 quicksilver dragons
  2 deep elf blademasters
  2 deep elf master archers (Elf:3)
  6 titans
  13 acid blobs
  3 sphinxes (Vaults:5)
  Gastronok (D:8)
  4 death cobs
  An ancient champion (Depths:4)
  Kirke (Snake:1)
  2 thorn hunters (Swamp:3)
  The ghost of Dittersdorf the Severer, an adept MiBe of Trog (Snake:2)
  12 storm dragons
  7 draconian monks
  15 shadow dragons
  10 nagarajas
  5 draconian knights
  6 tengu reavers (Vaults:5)
  10 fire giants
  9 azure jellies (Slime:5)
  3 ghost moths
  2 draconian scorchers
  9 frost giants
  Aizul (Vaults:1)
  2 orc warlords
  4 iron dragons
  10 deep elf sorcerers
  11 deep elf elementalists
  10 vault wardens
  15 ironheart preservers
  4 draconian shifters
  7 draconian stormcallers
  A ghoul (Vaults:3)
  2 spriggan defenders (Depths:4)
  3 draconian annihilators
  2 war gargoyles (Vaults:5)
  20 stone giants
  An entropy weaver (Vaults:4)
  19 very ugly things
  9 green draconians
  3 vampire knights
  13 deep elf demonologists
  10 red draconians
  10 deep elf annihilators
  8 white draconians
  13 black draconians
  A minotaur (Gauntlet)
  14 yellow draconians
  4 spark wasps
  11 purple draconians
  2 lorocyprocas (Depths:1)
  7 deep elf death magi
  2 merfolk javelineers
  8 death oozes
  16 fire dragons
  19 ettins
  A great orb of eyes (shapeshifter) (Depths:3)
  8 deep elf high priests
  7 yaktaur captains
  A jiangshi (Vaults:3)
  A merfolk impaler (Depths:3)
  A hell beast (Depths:4)
  29 vault guards
  2 catoblepae
  The ghost of Qoesoec the Basher, a journeyman GrFi of Okawaru (Lair:1)
  11 great orbs of eyes
  9 ice dragons
  6 rakshasas
  19 hydras
  21 naga warriors
  10 alligators
  7 anacondas
  9 centaur warriors
  11 ogre magi
  44 two-headed ogres
  8 spriggan air magi
  4 death knights
  27 dancing weapons
  A satyr (shapeshifter) (Vaults:5)
  18 deep troll shamans
  9 shock serpents
  8 spriggan berserkers
  3 vampire magi
  9 death yaks
  15 naga sharpshooters
  A queen ant (Lair:3)
  8 tengu warriors
  6 deep troll earth magi
  7 orc high priests
  2 soul eaters
  Nergalle (Orc:1)
  A storm dragon zombie (Vaults:1)
  2 sun demons (Orc:2)
  7 iron trolls
  3 hell knights (Depths:4)
  A storm dragon skeleton (Depths:4)
  A skeletal warrior (Vaults:1)
  35 deep elf knights
  3 shadow wraiths
  3 flayed ghosts
  3 salamander mystics
  40 deep trolls
  3 unseen horrors
  3 spriggan druids
  2 shadow demons (Depths:1)
  2 swamp dragons (shapeshifter)
  5 wizards
  A glowing orange brain (Vaults:4)
  2 infernal demonspawn (Orc:2)
  11 sea snakes
  26 deep elf archers
  12 ironbrand convokers
  20 swamp dragons
  A wolf spider zombie (D:15)
  4 necromancers
  A golden dragon skeleton (Depths:4)
  2 lindwurms (Lair:6)
  5 naga ritualists
  6 phantasmal warriors
  7 mana vipers
  79 deep elf magi
  7 harpies
  2 wolf spiders
  19 orc knights
  10 salamanders
  10 orc sorcerers
  64 ugly things
  2 shining eyes (Slime:5)
  A manticore (Lair:5)
  A fire giant zombie (Depths:4)
  25 moths of wrath
  A centaur zombie (D:11)
  12 guardian serpents
  7 cyclopes
  30 black mambas
  19 naga magi
  A black mamba (shapeshifter) (Elf:1)
  A frost giant skeleton (Vaults:1)
  2 rust devils
  14 elephants
  19 vault sentinels
  13 spiny frogs
  18 hornets
  4 torpor snails (Lair:3)
  3 gargoyles
  5 spectral swamp worms (Depths:2)
  5 kobold demonologists
  21 yaktaurs
  7 rime drakes
  An ice devil (Orc:2)
  13 komodo dragons
  A spark wasp simulacrum (Depths:4)
  5 freezing wraiths
  A jumping spider (shapeshifter) (Elf:3)
  A queen bee (Lair:4)
  A meliai (shapeshifter) (Depths:1)
  2 red devils (Depths:1)
  4 tengu conjurers
  A harpy zombie (D:15)
  3 meliai (Lair:4)
  3 polar bears
  A polar bear (shapeshifter) (Vaults:5)
  10 trolls
  15 tyrant leeches
  Grinder (D:4)
  2 blink frogs (shapeshifter)
  105 slime creatures
  22 blink frogs
  15 hippogriffs
  8 bog bodies
  11 dream sheep
  A hippogriff (shapeshifter) (D:14)
  A meliai zombie (D:13)
  4 redbacks (Vaults:4)
  15 water elementals
  The ghost of Lucine the Conjurer, an amateur TeCj of Vehumet (D:4)
  A redback (shapeshifter) (D:15)
  13 spriggans
  A vampire (D:13)
  4 shadows
  4 wraiths
  A ynoxinul (Orc:2)
  An air elemental (Elf:1)
  A tarantella (shapeshifter) (Vaults:1)
  A yak (shapeshifter) (Vaults:1)
  A spriggan (shapeshifter) (Depths:5)
  13 wyverns
  A chaos spawn (Orc:2)
  3 fire bats (Depths:1)
  39 yaks
  Sigmund (D:3)
  2 golden eyes (shapeshifter)
  6 hogs
  8 basilisks
  12 humans
  2 hungry ghosts
  10 vampire mosquitoes
  4 wargs
  3 insubstantial wisps (Swamp:3)
  18 swamp worms
  A swamp worm (shapeshifter) (Vaults:5)
  2 soldier ants
  2 acid dragons
  60 nagas
  5 porcupines
  16 water moccasins
  3 sky beasts
  60 orc warriors
  18 swamp drakes
  An orc zombie (Vaults:1)
  A necrophage (D:15)
  2 ice beasts
  A phantom (D:8)
  2 black bears
  30 ogres
  5 eyes of draining
  9 boggarts
  9 wolves (Lair:6)
  16 centaurs
  A boggart (shapeshifter) (Elf:2)
  A crocodile (shapeshifter) (Elf:3)
  7 crocodiles
  A human zombie (Vaults:1)
  3 big kobolds
  2 wyvern zombies
  20 bullfrogs
  A yaktaur skeleton (Vaults:1)
  2 earth elementals
  A wyvern skeleton (D:13)
  5 scorpions
  34 killer bees
  4 electric eels
  8 crimson imps
  A bullfrog zombie (D:8)
  11 hounds
  A quasit (D:13)
  A yaktaur simulacrum (Vaults:1)
  9 jellies
  29 orc wizards
  3 centaur skeletons
  29 orc priests
  4 bullfrog skeletons
  5 iguanas
  9 worker ants
  2 hound skeletons
  A howler monkey zombie (D:6)
  8 gnolls
  A howler monkey skeleton (D:4)
  18 adders
  12 shadow imps
  2 white imps (Gauntlet)
  An adder skeleton (D:6)
  2 adder zombies
  3 dart slugs
  2 leopard geckos
  97 orcs
  8 ball pythons
  8 giant cockroaches
  14 goblins
  14 hobgoblins
  6 jackals
  20 kobolds
  7 quokkas
  3 bats
  5 frilled lizards
  A jackal skeleton (D:4)
  2 leopard gecko zombies (D:5)
  3 rats
  6 briar patches (Swamp:3)
  4 crawling corpses (Elf:3)
  3 fungi (Lair:6)
  4 plants
2487 creatures vanquished.

Vanquished Creatures (collateral kills)
  A great orb of eyes (Slime:5)
  A hydra (Lair:3)
  A death yak (Lair:3)
  4 oklob plants (Lair:2)
  2 shining eyes
  Maurice (D:8)
10 creatures vanquished.

Vanquished Creatures (others)
  A stone giant (Vaults:3)
  A deep elf high priest (Elf:3)
  2 yaktaur captains
  2 naga sharpshooters
  2 deep elf knights (Elf:3)
  A deep elf archer (Elf:3)
  4 cyclopes
  A yaktaur (Vaults:1)
  A human (Snake:1)
  A yak (Lair:4)
  An orc warrior (Elf:1)
  A black bear (D:11)
  2 centaurs
  An orc wizard (Orc:1)
  3 orcs
  8 kobolds (Bailey)
  A bush (Lair:2)
  10 fungi
  12 plants
55 creatures vanquished.

Grand Total: 2552 creatures vanquished

Notes
Turn   | Place    | Note
-------+----------+-------------------------------------------
     0 | D:1      | sahdkjhfkaj the Minotaur Berserker began the quest for the
                  | Orb.
     0 | D:1      | Reached XP level 1. HP: 19/19 MP: 0/0
   633 | D:1      | Reached XP level 2. HP: 13/27 MP: 1/1
  1113 | D:1      | Reached XP level 3. HP: 33/33 MP: 2/2
  1332 | D:2      | Reached ** piety under Trog
  1368 | D:2      | Noticed a sky beast
  1377 | D:2      | Killed a sky beast
  1377 | D:2      | Reached skill level 5 in Axes
  1377 | D:2      | Reached XP level 4. HP: 41/41 MP: 3/3
  1377 | D:2      | Reached XP level 5. HP: 47/47 MP: 4/4
  1670 | D:2      | Found an opulent altar of Gozag.
  1816 | D:3      | Found a glowing golden altar of the Shining One.
  1956 | D:3      | Found Zin's Purification Station.
  1956 | D:3      | Found a glowing silver altar of Zin.
  1965 | D:3      | Noticed Sigmund
  1976 | D:3      | Killed Sigmund
  1976 | D:3      | Reached skill level 5 in Fighting
  1976 | D:3      | Reached XP level 6. HP: 56/56 MP: 5/5
  1988 | D:3      | Bought a potion of curing for 90 gold pieces
  2469 | D:4      | Found Oneghaaz's Assorted Antiques.
  2561 | D:4      | Reached XP level 7. HP: 61/61 MP: 6/6
  2862 | D:4      | Noticed Grinder
  2887 | D:4      | Killed Grinder
  2887 | D:4      | Reached skill level 5 in Armour
  2905 | D:4      | Found a runed translucent door.
  2906 | D:4      | Noticed Crazy Yiuf
  2968 | D:4      | Found a runed translucent door.
  2968 | D:4      | Noticed Lucine's ghost (amateur TeCj)
  3207 | D:4      | Killed Lucine's ghost
  3207 | D:4      | Reached skill level 5 in Dodging
  3207 | D:4      | Reached XP level 8. HP: 70/70 MP: 7/7
  3388 | D:5      | Entered Level 5 of the Dungeon
  3435 | D:5      | Found a white marble altar of Elyvilon.
  3478 | D:5      | Reached *** piety under Trog
  3488 | D:5      | Reached skill level 1 in Shields
  3488 | D:5      | Reached skill level 1 in Evocations
  4508 | D:6      | Reached skill level 5 in Evocations
  4524 | D:6      | Reached XP level 9. HP: 64/75 MP: 9/11
  5099 | D:7      | Found a staircase to the Ecumenical Temple.
  5127 | D:7      | Found Gunimm's Lightly-Used Armoury.
  5422 | D:7      | Reached **** piety under Trog
  5488 | D:7      | Found a burning altar of Makhleb.
  5489 | D:7      | Found a radiant altar of Vehumet.
  5733 | Temple   | Entered the Ecumenical Temple
  5995 | D:8      | You fall into a shaft and drop 1 floor!
  6019 | D:8      | Noticed Gastronok
  6037 | D:8      | Killed Gastronok
  6037 | D:8      | Reached skill level 10 in Axes
  6037 | D:8      | Reached XP level 10. HP: 49/88 MP: 3/12
  6439 | D:8      | Found Gyur's Distillery.
  6831 | D:4      | Bought a polished scimitar for 207 gold pieces
  6831 | D:4      | Identified the +8 scimitar of the Briny Deep {slice, Int+4
                  | Dex+6} (You bought it in a shop on level 4 of the Dungeon)
  7202 | D:8      | Noticed a two-headed ogre
  7208 | D:8      | Killed a two-headed ogre
  7208 | D:8      | Reached skill level 1 in Long Blades
  7303 | D:8      | Noticed Maurice
  7321 | D:8      | Killed Maurice
  7697 | D:9      | Reached XP level 11. HP: 64/97 MP: 8/13
  9188 | D:9      | Reached ***** piety under Trog
  9581 | D:10     | Entered Level 10 of the Dungeon
  9914 | D:10     | Noticed a two-headed ogre
  9916 | D:10     | Found a staircase to the Lair.
  9921 | D:10     | Killed a two-headed ogre
  9922 | D:10     | Reached skill level 5 in Long Blades
 10171 | D:10     | Noticed a two-headed ogre
 10177 | D:10     | Killed a two-headed ogre
 10371 | D:10     | Got a bloodstained plate armour
 10381 | D:10     | Identified the cursed +1 plate armour "Qosofoos" {MR+} (You
                  | found it on level 10 of the Dungeon)
 10433 | Lair:1   | Entered Level 1 of the Lair of Beasts
 10543 | Lair:1   | Reached skill level 10 in Fighting
 11261 | Lair:2   | Found a transporter.
 11271 | Lair:2   | Received a gift from Trog
 11522 | Lair:2   | Noticed Qoesoec's ghost (journeyman GrFi)
 11525 | Lair:2   | Found a transporter.
 11732 | Lair:1   | Killed Qoesoec's ghost
 11732 | Lair:1   | Reached skill level 10 in Armour
 11732 | Lair:1   | Reached XP level 12. HP: 106/106 MP: 14/14
 11847 | Lair:2   | Noticed a seven-headed hydra
 13444 | Lair:3   | Found a staircase to the Snake Pit.
 13446 | Lair:3   | Identified a scroll of acquirement
 13447 | Lair:3   | Got a pair of faintly humming gloves
 13453 | Lair:3   | Reached skill level 5 in Shields
 13482 | Lair:3   | Identified the +0 pair of gloves of the Loofah {Regen+
                  | Str+2 SInv} (You acquired it on level 3 of the Lair of
                  | Beasts)
 13565 | Lair:3   | Noticed a seven-headed hydra
 13568 | Lair:3   | Noticed a queen ant
 13568 | Lair:3   | a seven-headed hydra changed into a queen ant
 13577 | Lair:3   | Killed a queen ant
 13889 | Lair:3   | Noticed a four-headed hydra
 14046 | Lair:3   | Found a snail-covered altar of Cheibriados.
 14478 | Lair:4   | Noticed a death yak
 14480 | Lair:4   | Noticed a catoblepas
 14522 | Lair:4   | Killed a death yak
 14528 | Lair:4   | Killed a catoblepas
 14602 | Lair:4   | Reached XP level 13. HP: 90/116 MP: 16/16
 14893 | Lair:4   | Reached skill level 10 in Dodging
 14903 | Lair:4   | Noticed a fire dragon
 14903 | Lair:4   | a seven-headed hydra changed into a fire dragon
 14914 | Lair:4   | Killed a fire dragon
 15444 | Lair:4   | Reached skill level 15 in Axes
 15556 | Lair:4   | Found a staircase to the Swamp.
 16206 | Lair:5   | Found a gate leading to a gauntlet.
 16211 | Gauntlet | Entered a Gauntlet
 16211 | Gauntlet | Found a transporter.
 16211 | Gauntlet | Found a transporter.
 16211 | Gauntlet | Found a transporter.
 16233 | Gauntlet | Found a transporter.
 16237 | Gauntlet | Found a transporter.
 16244 | Gauntlet | Found a transporter.
 16245 | Gauntlet | Found a transporter.
 16246 | Gauntlet | Found a transporter.
 16248 | Gauntlet | Found a transporter.
 16256 | Gauntlet | Found a transporter.
 16256 | Gauntlet | Found a transporter.
 16339 | Gauntlet | Found a transporter.
 16577 | Gauntlet | Noticed a minotaur
 16590 | Gauntlet | Killed a minotaur
 16669 | Gauntlet | Got an ominously black robe
 16856 | Lair:5   | Received a gift from Trog
 16859 | Lair:5   | Got a slimy broad axe {god gift}
 16859 | Lair:5   | Identified the +6 broad axe of Demefad {flame, Fragile
                  | rPois rN+} (Trog gifted it to you on level 5 of the Lair of
                  | Beasts)
 16970 | Lair:5   | Found a transporter.
 16973 | Lair:5   | Noticed Kaofid's ghost (journeyman GrEE)
 17093 | Lair:5   | Found a transporter.
 17434 | Lair:5   | Reached XP level 14. HP: 116/125 MP: 17/17
 17891 | Lair:6   | Entered Level 6 of the Lair of Beasts
 17959 | Lair:6   | Reached skill level 10 in Shields
 18661 | Lair:6   | Found a viscous altar of Jiyva.
 18661 | Lair:6   | Found a staircase to the Slime Pits.
 18791 | D:11     | Reached ****** piety under Trog
 18808 | D:11     | Received a gift from Trog
 18825 | D:11     | Found Neusan's Gadget Shop.
 18833 | D:11     | Bought a wand of digging (7) for 374 gold pieces
 18846 | D:11     | Found a flagged portal.
 18888 | Bailey   | Entered a bailey
 18893 | Bailey   | Noticed an orc warlord
 18966 | Bailey   | Found a runed translucent gate.
 18968 | Bailey   | Found a runed translucent gate.
 18969 | Bailey   | Found a runed translucent gate.
 19209 | Bailey   | Killed an orc warlord
 19517 | D:11     | Found a staircase to the Orcish Mines.
 19654 | D:11     | Found Caar's Serpentskin Sales.
 19663 | D:11     | Reached XP level 15. HP: 134/134 MP: 19/19
 20168 | D:12     | Received a gift from Trog
 20187 | D:12     | Reached XP level 16. HP: 141/141 MP: 20/20
 20525 | D:13     | You fall into a shaft and drop 2 floors!
 20525 | D:15     | Entered Level 15 of the Dungeon
 20525 | D:15     | Found a staircase to the Depths.
 20661 | D:15     | Found Ludujy's Jewellery Shoppe.
 20706 | D:15     | Found Monyxzi's Assorted Antiques.
 20754 | D:15     | Found Hydixaul's Magic Scroll Emporium.
 20853 | D:14     | Received a gift from Trog
 21113 | D:13     | You fall into a shaft and drop 2 floors!
 21289 | D:13     | Found a gate to the Vaults.
 21517 | D:13     | Found a burning altar of Makhleb.
 22098 | D:14     | Reached skill level 15 in Shields
 22444 | D:15     | Found Olon's Antique Armour Emporium.
 22772 | Orc:1    | Entered Level 1 of the Orcish Mines
 22820 | Orc:1    | Noticed Nergalle
 22833 | Orc:1    | Killed Nergalle
 23046 | Orc:2    | Entered Level 2 of the Orcish Mines
 23229 | Orc:2    | Found Pesecv Ucueb's Food Shoppe.
 23232 | Orc:2    | Found Ful Wihe's General Store.
 23370 | Orc:2    | Received a gift from Trog
 23783 | Orc:2    | Gained mutation: You occasionally shout uncontrollably at
                  | your foes. [a neqoxec]
 23790 | Orc:2    | Reached XP level 17. HP: 143/151 MP: 22/22
 23850 | Orc:2    | Found Ukhlydo's Antique Weapon Boutique.
 23850 | Orc:2    | Found a one-way gate leading to the halls of Pandemonium.
 23850 | Orc:2    | Found Animes's Gadget Shop.
 23922 | Orc:2    | Found a staircase to the Elven Halls.
 24435 | Swamp:1  | Entered Level 1 of the Swamp
 24467 | Swamp:1  | Received a gift from Trog
 26089 | Swamp:3  | Reached skill level 10 in Evocations
 26633 | Swamp:4  | Entered Level 4 of the Swamp
 26736 | Swamp:3  | Reached skill level 15 in Fighting
 27010 | Swamp:4  | Received a gift from Trog
 27059 | Swamp:4  | Reached skill level 15 in Armour
 27171 | Swamp:4  | Noticed the 27-headed Lernaean hydra
 27626 | Swamp:4  | Got a decaying rune of Zot
 27962 | Snake:1  | Entered Level 1 of the Snake Pit
 28069 | Snake:1  | Noticed Kirke
 28077 | Snake:1  | Reached XP level 18. HP: 150/165 MP: 24/24
 28080 | Snake:1  | Killed Kirke
 28176 | Snake:1  | Received a gift from Trog
 28203 | Snake:1  | Got an encrusted large shield
 28214 | Snake:1  | Identified the +4 large shield "Xouxior" {Int+4} (You
                  | acquired it on level 1 of the Snake Pit)
 28929 | Snake:2  | Found a transporter.
 28934 | Snake:2  | Found the amulet of Vitality {Regen+ HP+15}
 29137 | Snake:2  | Received a gift from Trog
 29170 | Snake:2  | Reached skill level 15 in Dodging
 29186 | Snake:2  | Found a transporter.
 29519 | Snake:2  | Found a runed translucent gate.
 29520 | Snake:2  | Found a runed translucent gate.
 29520 | Snake:2  | Found a runed translucent gate.
 29522 | Snake:2  | Noticed Dittersdorf's ghost (adept MiBe)
 29586 | Snake:2  | Killed Dittersdorf's ghost
 29870 | Snake:3  | Noticed Vashnia
 29872 | Snake:3  | Noticed Jorgrun
 29890 | Snake:3  | Killed Jorgrun
 29902 | Snake:3  | Killed Vashnia
 30175 | Snake:3  | Noticed Roxanne
 30658 | Snake:4  | Entered Level 4 of the Snake Pit
 31137 | Snake:4  | Received a gift from Trog
 31340 | Snake:4  | Reached XP level 19. HP: 153/174 MP: 25/25
 31863 | Snake:4  | Received a gift from Trog
 31882 | Snake:4  | HP: 7/177 [nagaraja/+2 antimagic spear (15)]
 32226 | Snake:4  | Received a gift from Trog
 32472 | Snake:4  | Got a serpentine rune of Zot
 32719 | Vaults:1 | Entered Level 1 of the Vaults
 32736 | Vaults:1 | Found Mielia Waela's Weapon Boutique.
 32877 | Vaults:1 | Received a gift from Trog
 33152 | Vaults:1 | Found Bolet's Assorted Antiques.
 33153 | Vaults:1 | Found Yrrihul's General Store.
 33312 | Vaults:1 | Noticed Aizul
 33321 | Vaults:1 | Killed Aizul
 33530 | Vaults:1 | Found a roughly hewn altar of Beogh.
 33586 | Vaults:1 | Received a gift from Trog
 33643 | Vaults:1 | Reached XP level 20. HP: 184/184 MP: 27/27
 33981 | Vaults:1 | Found Naapsow's Distillery.
 34044 | Vaults:2 | Found a stormy altar of Qazlal.
 34283 | Vaults:2 | Received a gift from Trog
 34292 | Vaults:2 | Gained mutation: Your muscles are strong. (Str +2) [a
                  | neqoxec]
 34959 | Vaults:2 | Found Luexy's Antique Armour Emporium.
 34994 | Vaults:2 | Got a pair of crude boots
 34999 | Vaults:2 | Identified the cursed +0 pair of boots of the Imp {+Blink
                  | rF+ rCorr Str-4} (You found it on level 2 of the Vaults)
 35448 | Vaults:3 | Found Lyopiu's Weapon Shoppe.
 35474 | Vaults:3 | Received a gift from Trog
 35671 | Vaults:3 | Found Jiasaod's Antique Weapon Boutique.
 35725 | Vaults:3 | Received a gift from Trog
 35900 | Vaults:3 | Reached XP level 21. HP: 195/195 MP: 29/29
 36177 | Vaults:3 | Noticed a golden dragon
 36188 | Vaults:3 | Killed a golden dragon
 36492 | Vaults:3 | Found a staircase to the Crypt.
 37083 | Vaults:4 | Received a gift from Trog
 38759 | Elf:1    | Entered Level 1 of the Elven Halls
 38793 | Elf:1    | Received a gift from Trog
 39105 | Elf:1    | Found a runed translucent gate.
 39105 | Elf:1    | Found a runed translucent gate.
 39105 | Elf:1    | Found a runed translucent gate.
 39105 | Elf:1    | Found a runed translucent gate.
 39105 | Elf:1    | Found a runed translucent gate.
 39109 | Elf:1    | Found a runed translucent gate.
 39461 | Elf:1    | Found a runed translucent door.
 39461 | Elf:1    | Found a shimmering altar of Xom.
 39461 | Elf:1    | Noticed Yakesh's ghost (adept MiFi)
 39636 | Elf:1    | Identified the +8 glaive of Watchfulness {venom, +Blink
                  | +Rage SInv}
 40349 | Elf:1    | Received a gift from Trog
 40719 | Elf:2    | Found a radiant altar of Vehumet.
 40768 | Elf:2    | Reached XP level 22. HP: 147/205 MP: 10/30
 40944 | Elf:2    | Found a runed translucent gate.
 40944 | Elf:2    | Found a runed translucent gate.
 40944 | Elf:2    | Found a runed translucent gate.
 41050 | Elf:2    | Received a gift from Trog
 41726 | Elf:2    | Received a gift from Trog
 41965 | Elf:3    | Entered Level 3 of the Elven Halls
 41965 | Elf:3    | Found Milox Tiedi's Weapon Boutique.
 42379 | Elf:3    | Found a runed translucent gate.
 42380 | Elf:3    | Found a runed translucent gate.
 42381 | Elf:3    | Found a runed translucent gate.
 42381 | Elf:3    | Noticed Kyerol's ghost (adept TeSu)
 42383 | Elf:3    | Found an iron altar of Okawaru.
 42423 | Elf:3    | Received a gift from Trog
 42666 | Elf:3    | Identified the +5 leather armour of Masochism {rElec}
 42970 | Elf:3    | Identified the amulet "Mepsyrru" {+Rage MR+ Slay+5}
 43142 | Elf:3    | Identified the +6 scimitar of Classification {holy, Int+6}
 43229 | Elf:3    | Found the +2 cloak of the Thief {+Fog Slay-2 SInv Stlth+}
 43230 | Elf:3    | Found the +3 giant club "Skullcrusher" {speed, Str+7}
 43243 | Elf:3    | Found the +3 pair of gauntlets of War {Slay+5}
 43643 | Slime:1  | Entered Level 1 of the Pits of Slime
 43659 | Slime:1  | Received a gift from Trog
 43860 | Slime:5  | Entered Level 5 of the Pits of Slime
 43862 | Slime:5  | Gained mutation: Your system is resistant to poisons.
                  | (rPois) [a shining eye]
 43974 | Slime:5  | Reached XP level 23. HP: 161/215 MP: 7/32
 44111 | Slime:5  | Found a viscous altar of Jiyva.
 44164 | Slime:5  | Received a gift from Trog
 44275 | Slime:5  | Gained mutation: Scrolls take you a little longer to read.
                  | [a shining eye]
 44438 | Slime:5  | Noticed the Royal Jelly
 44466 | Slime:5  | Killed the Royal Jelly
 44743 | Slime:5  | Got a slimy rune of Zot
 44841 | Slime:2  | Gained mutation: Armour fits poorly on your strangely
                  | shaped body. [a shining eye]
 44844 | Slime:2  | Lost mutation: Your muscles are strong. (Str +2) [potion of
                  | mutation]
 44844 | Slime:2  | Lost mutation: Scrolls take you a little longer to read.
                  | [potion of mutation]
 44844 | Slime:2  | Lost mutation: You occasionally shout uncontrollably at
                  | your foes. [potion of mutation]
 44844 | Slime:2  | Gained mutation: You are agile. (Dex +2) [potion of
                  | mutation]
 44844 | Slime:2  | Gained mutation: You have a beak for a mouth. [potion of
                  | mutation]
 44852 | Slime:2  | Gained mutation: You have a pair of large horns on your
                  | head. [a shining eye]
 45338 | Depths:1 | Entered Level 1 of the Depths
 45963 | Depths:1 | Received a gift from Trog
 46254 | Depths:1 | Identified the +12 long sword of Ade Maisin {drain, rF+
                  | MR++ Int+2}
 46288 | Depths:1 | You fall into a shaft and drop 1 floor!
 46768 | Depths:2 | Noticed Nikola
 46771 | Depths:2 | Killed Nikola
 47354 | Depths:1 | Found a gateway to Hell.
 47715 | Depths:2 | Received a gift from Trog
 47807 | Depths:2 | Reached XP level 24. HP: 79/225 MP: 10/32
 47841 | Depths:2 | Found a gateway to a ziggurat.
 48329 | Depths:2 | Found a one-way gate to the infinite horrors of the Abyss.
 48380 | Depths:2 | Got a smoking graven amulet
 48756 | Depths:2 | Got a bloodstained broad axe {god gift}
 48757 | Depths:2 | Identified the +2 broad axe of Incongruity {protect, rC++}
                  | (Trog gifted it to you on level 2 of the Depths)
 49007 | Vaults:5 | Entered Level 5 of the Vaults
 49069 | Vaults:5 | Noticed Mara
 49080 | Vaults:5 | Received a gift from Trog
 49473 | Vaults:5 | Reached skill level 15 in Evocations
 49890 | Vaults:5 | Received a gift from Trog
 49898 | Vaults:5 | Killed Mara
 49963 | Vaults:5 | Found Cewegob's Distillery.
 50098 | Vaults:5 | Identified the +6 chain mail of the Kettle-Drum {rPois
                  | Dex+7 Stlth-}
 50501 | Vaults:5 | Found Uphufoca's Distillery.
 50501 | Vaults:5 | Found Ydey's Distillery.
 50542 | Vaults:5 | Reached XP level 25. HP: 206/235 MP: 11/33
 50701 | Vaults:5 | Got a silver rune of Zot
 50901 | Vaults:5 | Noticed an ancient lich
 50911 | Vaults:5 | Killed an ancient lich
 51905 | Vaults:5 | Bought a potion of heal wounds for 105 gold pieces
 51905 | Vaults:5 | Bought 2 potions of heal wounds for 210 gold pieces
 51935 | Vaults:5 | Bought a potion of heal wounds for 70 gold pieces
 51935 | Vaults:5 | Bought a potion of heal wounds for 70 gold pieces
 52079 | Vaults:1 | Bought a potion of heal wounds for 60 gold pieces
 52079 | Vaults:1 | Bought a potion of heal wounds for 60 gold pieces
 52079 | Vaults:1 | Bought a potion of heal wounds for 60 gold pieces
 52335 | Depths:3 | Received a gift from Trog
 53078 | Depths:3 | Received a gift from Trog
 53554 | Depths:3 | Identified the Volume of Earthen Attacks
 53804 | Depths:4 | Received a gift from Trog
 54184 | Depths:4 | Received a gift from Trog
 54660 | Depths:4 | Reached XP level 26. HP: 119/248 MP: 11/33
 54660 | Depths:4 | Received a gift from Trog
 55057 | Depths:5 | Entered Level 5 of the Depths
 55059 | Depths:5 | Found a gate to the Realm of Zot.
 55111 | Depths:5 | Found a blossoming altar of Fedhas.
 55585 | Depths:5 | Found Leirchego's Weapon Shop.
 55734 | Depths:5 | Found Noma Ara's Gadget Shop.
 55735 | Depths:5 | Found Piutak's Jewellery Emporium.
 55736 | Depths:5 | Found Ylaetina's Gadget Shop.
 55744 | Depths:5 | Bought the ring "Nyriap" {rPois AC+6 Str+4 Slay+2 Stlth-}
                  | for 1651 gold pieces
 56273 | Depths:5 | Noticed a juggernaut
 56275 | Depths:5 | Found a glowing silver altar of Zin.
 56282 | Depths:5 | Killed a juggernaut
 56847 | Zot:1    | Entered Level 1 of the Realm of Zot
 58112 | Zot:1    | Found a runed translucent door.
 58115 | Zot:1    | Noticed Netemen's ghost (master GnFi)
 58220 | Zot:1    | Received a gift from Trog
 58916 | Zot:1    | Lost mutation: You are agile. (Dex +2) [a neqoxec]
 58918 | Zot:1    | Killed Netemen's ghost
 59464 | Zot:2    | Reached XP level 27. HP: 235/259 MP: 11/33
 59525 | Zot:2    | Received a gift from Trog
 61546 | Zot:4    | Received a gift from Trog
 61714 | Zot:5    | Entered Level 5 of the Realm of Zot
 62830 | Zot:5    | Noticed an ancient lich
 62833 | Zot:5    | Killed an ancient lich
 63221 | Zot:5    | Noticed an ancient lich
 63221 | Zot:5    | Noticed an ancient lich
 63222 | Zot:5    | Noticed an orb of fire
 63227 | Zot:5    | Received a gift from Trog
 63242 | Zot:5    | HP: 4/261 [electric golem (17)]
 63242 | Zot:5    | Killed an ancient lich
 63243 | Zot:5    | Mangled by an Ice Fiend

Levels and vault maps discovered:
D:1:      minmay_arrival_loop, layout_rooms
D:2:      layout_rooms, grunt_gozag_statues, first_ration, hangedman_glass_teeth
D:3:      layout_rooms, zin_purify, lemuel_doored_altar, uniq_sigmund
D:4:      layout_basic, serial_shops, nicolae_shop_waterfront,
          ebering_ghost_reflecting_pool, uniq_grinder, uniq_crazy_yiuf_cottage
D:5:      layout_basic, elyvilon_altar_5
D:6:      layout_gridville
D:7:      layout_loops_ring, grunt_temple_overflow_lords_of_destruction,
          minmay_temple_entry_junction, minmay_shop_damaged
D:8:      layout_cave_pods, serial_shops, nicolae_shop_stone, grunt_livestock,
          uniq_gastronok, uniq_maurice
D:9:      layout_loops_ring, minmay_misc_feat_roman
D:10:     layout_long_grid, david_lair_shrubbed
D:11:     layout_cave_pools, orc_0_dummy, serial_shops, shop, enter_bailey_3,
          guppyfry_shop_venom
D:12:     layout_small_grid
D:13:     layout_irregular_city, ximxim_vaults_locker_room, serial_rivers,
          chequers_serial_rivers_micro_a, chequers_serial_rivers_room_b,
          chequers_serial_rivers_micro_c, chequers_serial_rivers_micro_e,
          basic_altar
D:14:     layout_irregular_city, infiniplex_staircase_zigzag_3, drop_trap
D:15:     grunt_enter_depths_magical_seal, layout_cave_pools, serial_shops,
          nicolae_shop_waterfront, shop, shop, shop, eino_curves_03
Temple:   minmay_crystal_spiral_temple
Lair:1:   layout_loops_ring, serial_bayou_pond_c, beast_lair_carwin_2
Lair:2:   layout_chaotic_city, gammafunk_ghost_arena, beast_lair_carwin_9,
          grunt_megastairs_3, minmay_lair_oklob_chamber
Lair:3:   layout_gridlike, minmay_snake_entry_six_corridors,
          kennysheep_snail_temple
Lair:4:   layout_roguey [special_room_bee], nicolae_swamp_entry_splash_gauntlet,
          minivault_26, chequers_serial_rivers_small_a, nicolae_lair_yak_garden
Lair:5:   layout_layer_cave, gammafunk_ghost_berserking_beasts, special_room
          [special_room_mythical_zoo], gauntlet_entry_generic
Lair:6:   grunt_lair_end_beastmaster, layout_misc_corridors,
          dpeg_slime_entry_enclosed_altar, st_stairs_13, grunt_megastairs_1,
          infiniplex_staircase_pool_2
Swamp:1:  layout_basic_swamp, evilmike_swamp_ruin_house_1, swamp_pool4
Swamp:2:  layout_basic_swamp, infiniplex_staircase_pool
Swamp:3:  layout_falls_marsh, evilmike_swamp_ruin_rubble_1, swamp_pool5,
          st_swamp_ruins_2
Swamp:4:  swamp_old_school, layout_basic_swamp, swamp_pool5
Snake:1:  layout_misc_corridors, st_stairs_10, uniq_kirke
Snake:2:  gammafunk_the_bubble [the_bubble_gammafunk_crates],
          layout_onion_interference, ebering_ghost_rock_garden
Snake:3:  layout_cave_shapes, grunt_ministairs_9, lemuel_fruit_tree,
          serial_bayou_shore_a, uniq_jorgrun, uniq_vashnia, uniq_roxanne
Snake:4:  grunt_snake_rune_pools, layout_cave_town
Slime:1:  layout_caves
Slime:2:  cheibrodos_slime_lost_civilization_9, layout_caves, basic_altar,
          nicolae_slime_barrier
Slime:3:  layout_caves, cheibrodos_slime_lost_civilization_7
Slime:4:  layout_caves, nicolae_slime_welcoming_committee
Slime:5
Orc:1:    layout_caves, uniq_nergalle
Orc:2:    pf_orc_diabolical, layout_diamond_mine
Elf:1:    layout_loops_corners, ebering_ghost_xom, orc_legates
Elf:2:    layout_onion_city, basic_altar, minivault_27
Elf:3:    minmay_elf_hall_curves, layout_rooms, gammafunk_ghost_fury_of_okawaru,
          serial_shops, nicolae_shop_crystal
Vaults:1: hangedman_vaults_trim, vaults_room_hallway,
          nicolae_vaults_yaktaur_gun_rack, grunt_vaults_twisty,
          special_room_vaults [special_room_orc], ontoclasm_vaults_spin,
          vaults_dpeg_doors, hangedman_vaults_pinch, v_alt_pattern_2,
          vaults_room_pool, vaults_dpeg_encased_lava, v_alt_pattern_1,
          layout_vaults_omnicross, serial_shops, nicolae_shop_window_shopping,
          shop, nicolae_shop_trees, shop, uniq_aizul
Vaults:2: ontoclasm_vaults_hangar, nicolae_vaults_network_quinsquares
          [nicolae_vaults_network_quincunx_subvault,
          nicolae_vaults_network_quincunx_subvault,
          nicolae_vaults_network_quincunx_subvault,
          nicolae_vaults_network_quincunx_subvault],
          nicolae_vaults_little_squares_5, v_rooms_2, v_misc_10, st_octagons_1,
          nicolae_vaults_windows_and_doors_thing,
          ontoclasm_vaults_claustrophobia, hangedman_vaults_unwind,
          nicolae_vaults_alarming, layout_vaults_ring, serial_shops,
          nicolae_shop_trees, basic_altar
Vaults:3: vaults_mumra_minichess_inversion, nicolae_vaults_quadrants,
          minmay_crypt_entry_simple_walls, ontoclasm_vaults_hangar,
          dpeg_vaults_monster_box, v_misc_13, hangedman_vaults_corner_blocks,
          nicolae_vaults_sealed_display, v_rooms_5, v_misc_14,
          nicolae_vaults_rhombus_7, nicolae_vaults_little_squares_4,
          layout_vaults_maze, serial_shops, shop
Vaults:4: nicolae_vaults_arrows, ontoclasm_vaults_eye, vaults_room_pools,
          v_pattern_2, ontoclasm_vaults_chip, ontoclasm_vaults_ligature,
          nicolae_vaults_gold_heap, hangedman_vaults_stretched_pinwheel,
          layout_vaults_omnigrid
Vaults:5: uniq_mara
Depths:1: layout_cave_pools, minmay_misc_feat_encased, hellmouth_1,
          glass_columns_a, grunt_ministairs_5, serial_bayou_pond_e,
          nrook_kobold_shadow_demons, serial_bayou_shore_b, serial_bayou_shore_b
Depths:2: minmay_cut_squares, layout_twisted_cross, enter_ziggurat_e,
          minmay_misc_feat_five, pf_hell_entry_tar_river, abyss_entry,
          chequers_serial_rivers_micro_a, uniq_nikola
Depths:3: minmay_triangles_in_corner, layout_cave_pools, hell_entry,
          grunt_pan_entry_in_and_out, minmay_hedge_maze, serial_bayou_shore_b,
          minmay_staircase_bubble
Depths:4: minmay_containers, layout_gridlike, marbit_kobold_abyss_entry,
          pan_entry, grunt_mini_vestibule
Depths:5: evilmike_zot_entry_argh, layout_gridlike, grunt_hell_entry_dis_mu,
          serial_shops, shop, hangedman_feature_mirror, minmay_shop_grove
Zot:1:    kennysheep_room_grid, layout_basic, ebering_ghost_inner_flame
Zot:2:    layout_cathedral_of_symmetry, lemuel_elevator
Zot:3:    layout_concentric_octagons
Zot:4:    layout_basic, grunt_megastairs_2
Zot:5:    layout_gridlike, grunt_ministairs_13

Skill      XL: |  1  2  3  4  5  6  7  8  9 10 11 12 13 14 15 16 17 18 19 20 21 22 23 24 25 26 27 |
---------------+----------------------------------------------------------------------------------+-----
Axes           | 4 5 6 8 10 11 13 14 15 16 17 18 19 21 22 23 25 | 25.0
Fighting       | 4 5 6 7 9 10 11 12 13 15 16 17 18 19 20 21 22 23 24 | 24.0
Armour         | 3 4 5 7 8 10 11 12 13 15 16 17 18 19 20 21 22 23 | 23.9
Dodging        | 3 4 5 6 7 9 10 11 12 14 15 16 17 18 19 20 21 22 | 22.3
Shields        | 4 6 9 12 15 18 19 20 22 23 24 25 | 25.0
Evocations     | 5 6 7 9 10 11 12 13 14 15 17 | 17.7
Long Blades    | 3 6 7 8 |  8.0

Action                   |  1- 3 |  4- 6 |  7- 9 | 10-12 | 13-15 | 16-18 | 19-21 | 22-24 | 25-27 || total
-------------------------+-------+-------+-------+-------+-------+-------+-------+-------+-------++-------
Melee: Hand axe          |    66 |   105 |   277 |    77 |       |       |       |       |       ||   525
       Headbutt          |     7 |    22 |    73 |   164 |   156 |   331 |   355 |   401 |   464 ||  1973
       Scimitar          |       |       |       |   441 |   214 |       |       |       |       ||   655
       Broad axe         |       |       |       |       |   344 |  1401 |  1224 |  1233 |  1152 ||  5354
       Peck              |       |       |       |       |       |       |       |   203 |   423 ||   626
Throw: Stone             |     9 |       |       |       |       |       |       |       |       ||     9
Invok: Trog's Hand       |       |     1 |     2 |       |     1 |     4 |     6 |     1 |     1 ||    16
       Berserk           |       |     1 |     2 |     1 |     5 |     1 |     1 |     3 |       ||    14
       Brothers in Arms  |       |       |       |     3 |     2 |       |       |       |       ||     5
 Abil: Evoke Blink       |       |       |       |       |       |       |       |       |    15 ||    15
       Evoke Fog         |       |       |       |       |       |       |       |       |     1 ||     1
Evoke: Wand              |       |       |     7 |     3 |     5 |     2 |     2 |     2 |     7 ||    28
       Lightning rod     |       |       |       |       |       |     4 |       |     2 |       ||     6
       Box of beasts     |       |       |       |       |       |       |       |     3 |       ||     3
       Lamp of fire      |       |       |       |       |       |       |       |       |     1 ||     1
  Use: Scroll            |     1 |     1 |     8 |    15 |    17 |    13 |    15 |     8 |     3 ||    81
       Potion            |       |       |       |       |     1 |       |     6 |    12 |     6 ||    25
 Stab: Petrified         |       |       |       |     1 |     4 |       |       |       |       ||     5
       Confused          |       |       |       |       |       |     1 |       |       |     2 ||     3
  Eat: Chunk             |     1 |     5 |    10 |    15 |    11 |    16 |     9 |     9 |    11 ||    87
       Ration            |       |       |     1 |     5 |     4 |     7 |     8 |     8 |     9 ||    42
Armor: Chain mail        |    29 |    63 |   134 |   136 |       |       |       |       |   199 ||   561
       Animal skin       |     2 |       |       |       |       |       |       |       |       ||     2
       Plate armour      |       |       |       |    96 |   181 |   264 |   140 |   218 |     5 ||   904
Dodge: Dodged            |    35 |    48 |   126 |   267 |   213 |   336 |   209 |   336 |   397 ||  1967
Block: Buckler           |       |       |    22 |    90 |       |       |       |       |       ||   112
       Shield            |       |       |       |   201 |   654 |   990 |       |       |       ||  1845
       Reflection        |       |       |       |       |    54 |   145 |   193 |    53 |       ||   445
       Large shield      |       |       |       |       |       |   420 |  1330 |  1339 |  1271 ||  4360
       Rpst.: Scimitar   |       |       |       |    56 |    30 |       |       |       |       ||    86
